 Dungeon Crawl Stone Soup version 0.24-a0-228-g05560da (webtiles) character file.

Game seed: 6297950585507846925

2037 Hylith the Basher (level 9, -1/75 HPs)
             Began as a Minotaur Fighter on Apr 1, 2019.
             Was a Priest of Okawaru.
             Slain by a yak (10 damage)
             ... on level 5 of the Dungeon.
             The game lasted 00:11:21 (4456 turns).

Hylith the Basher (Minotaur Fighter)                Turns: 4456, Time: 00:11:22

Health: -1/75      AC:  9    Str: 23    XL:     9   Next: 4%
Magic:  8/8        EV:  8    Int:  5    God:    Okawaru [***...]
Gold:   93         SH: 12    Dex: 11    Spells: 8/8 levels left

rFire    . . .     SeeInvis .   a - +0 flail
rCold    . . .     Gourm    .   c - +0 shield
rNeg     . . .     Faith    .   b - +0 scale mail
rPois    .         Spirit   .   (helmet restricted)
rElec    .         Reflect  .   l - scarf {cloud immunity}
rCorr    .         Harm     .   x - +1 pair of gloves
MR       .....                  (no boots)
Stlth    ..........             (no amulet)
HPRegen  0.22/turn              (no ring)
MPRegen  0.11/turn              (no ring)

@: no status effects
A: retaliatory headbutt, horns 2
a: Heroism, Renounce Religion


You were on level 5 of the Dungeon.
You worshipped Okawaru.
Okawaru was most pleased with you.
You were not hungry.

You visited 2 branches of the dungeon, and saw 7 of its levels.
You also visited: Sewer.

You collected 173 gold pieces.
You spent 80 gold pieces at shops.

Inventory:

Hand Weapons
 a - a +0 flail (weapon)
Armour
 b - a +0 scale mail (worn)
 c - a +0 shield (worn)
 l - a scarf of cloud immunity (worn)
 x - a +1 pair of gloves (worn)
Wands
 r - a wand of iceblast (9)
 z - a wand of flame (31)
 B - a wand of polymorph (8)
Scrolls
 e - 2 scrolls of random uselessness {unknown}
 g - 3 scrolls of identify {unknown}
 h - 2 scrolls of blinking {unknown}
 j - 2 scrolls of fear {unknown}
 u - 2 scrolls of remove curse {unknown}
 v - a scroll of amnesia {unknown}
 w - a scroll of enchant weapon {unknown}
 y - 3 scrolls of teleportation {unknown}
 A - a scroll of fog {unknown}
Potions
 d - 2 potions of might
 i - 3 potions of heal wounds
 k - 3 potions of degeneration {unknown}
 m - a potion of ambrosia {unknown}
 n - a potion of brilliance {unknown}
 o - a potion of berserk rage {unknown}
 p - 3 potions of curing
 q - a potion of agility {unknown}
 s - a potion of invisibility {unknown}
 t - 2 potions of flight {unknown}
Comestibles
 f - 17 rations
 C - 6 chunks of flesh


   Skills:
 + Level 5.9 Fighting
 * Level 10.4 Maces & Flails
 - Level 3.6 Armour
 * Level 9.3 Shields
 + Level 0.2 Invocations


You had 8 spell levels left.
You didn't know any spells.
Your spell library was empty.

Dungeon Overview and Level Annotations

Branches:
Dungeon (6/15)             Temple (1/1) D:4

Altars:
Cheibriados
Dithmenos
Elyvilon
Fedhas
Gozag
Hepliaklqana
Kikubaaqudgha
Okawaru
Ru
Uskayaw
Vehumet
Xom

Shops:
D:4 !


Innate Abilities, Weirdness & Mutations

You reflexively headbutt those who attack you in melee.
You have a pair of horns on your head.


Message History

The yak is lightly wounded.
You block the yak's attack.
You sock the yak!
The yak is heavily wounded.
You block the yak's attack.
You hit the yak but do no damage.
The yak is heavily wounded.
The yak gores you.
* * * LOW HITPOINT WARNING * * *
You hit the yak but do no damage.
The yak is heavily wounded.
The yak gores you.
* * * LOW HITPOINT WARNING * * *
You closely miss the yak. You headbutt the yak.
The yak is heavily wounded.
You block the yak's attack.
You hit the yak but do no damage. You headbutt the yak!
The yak is severely wounded.
The yak gores you!
You die...

#...........# #.#
############# #.# #.# #####
#.# ....# #######.### ###.#
#.........######## ###.#
#..).............## ....#
#######.#####.########..#
###.# #........@Y...#
#.)###.# #
#.####.#####.###>..# #..#
#.# ###.........##.####..#
##(# #.#
.....###.##.##.......####(.#
#.# .##..#
#.##.##.#####.......# #.#
.##..# #..#.##.........#####
#.# .##..# ##.#.########'###
#.## .....####.#.# ##...##
#... .###........# ##.....##
#..#


You could see a yak.

Vanquished Creatures
  Pikel (D:5)
  A yak (D:5)
  A sky beast (D:5)
  A black bear (D:6)
  2 slaves (D:5)
  A phantom (D:4)
  2 ogres
  Blork the orc (D:5)
  A big kobold (Sewer)
  A bullfrog (D:6)
  A scorpion (D:6)
  3 vampire bats (D:3)
  2 orc priests
  2 hounds (D:4)
  2 jellies
  A centaur skeleton (D:4)
  2 bullfrog skeletons (D:4)
  An orc wizard (D:3)
  Natasha (thrice) (D:4)
  4 worker ants
  2 river rats (Sewer)
  8 adders
  A shadow imp (D:6)
  An ooze (D:3)
  3 worms
  A dart slug (D:1)
  6 leopard geckos
  9 orcs
  3 ball pythons
  3 bat skeletons (D:3)
  2 bat zombies (D:3)
  9 giant cockroaches
  4 goblins
  6 hobgoblins
  3 jackals
  4 quokkas
  2 bats (D:1)
  7 frilled lizards
  A giant cockroach zombie (D:5)
  A jackal zombie (D:6)
  8 kobolds
  6 rats
123 creatures vanquished.

Vanquished Creatures (others)
  A centaur zombie (D:5)
  An orc (D:5)
  A ball python (D:5)
3 creatures vanquished.

Grand Total: 126 creatures vanquished

Notes
Turn   | Place    | Note
-------+----------+-------------------------------------------
     0 | D:1      | Hylith the Minotaur Fighter began the quest for the Orb.
     0 | D:1      | Reached XP level 1. HP: 19/19 MP: 0/0
   183 | D:1      | Reached XP level 2. HP: 23/27 MP: 1/1
   563 | D:2      | Reached skill level 3 in Maces & Flails
   563 | D:2      | Reached XP level 3. HP: 29/33 MP: 2/2
   782 | D:2      | You fall through a shaft for 2 floors!
   798 | D:4      | Found a staircase to the Ecumenical Temple.
   807 | Temple   | Entered the Ecumenical Temple
   881 | Temple   | Became a worshipper of Warmaster Okawaru
   931 | D:4      | Reached XP level 4. HP: 24/40 MP: 3/3
   935 | D:4      | Reached skill level 5 in Shields
  1159 | D:3      | Reached skill level 4 in Maces & Flails
  1209 | D:3      | Found a glowing drain.
  1245 | Sewer    | Entered a sewer
  1265 | Sewer    | Reached XP level 5. HP: 21/46 MP: 4/4
  1525 | Sewer    | Found a white marble altar of Elyvilon.
  1760 | D:2      | Reached skill level 5 in Maces & Flails
  2018 | D:3      | Reached XP level 6. HP: 35/53 MP: 5/5
  2023 | D:3      | Reached * piety under Okawaru
  2169 | D:3      | Found an ancient bone altar of Kikubaaqudgha.
  2180 | D:3      | Reached skill level 6 in Maces & Flails
  2309 | D:4      | Reached XP level 7. HP: 51/60 MP: 6/6
  2367 | D:4      | Reached ** piety under Okawaru
  2367 | D:4      | Reached skill level 7 in Maces & Flails
  2402 | D:4      | Found Jomeetug's Distillery.
  2423 | D:4      | Bought a potion of heal wounds for 50 gold pieces
  2423 | D:4      | Bought a potion of curing for 30 gold pieces
  2438 | D:4      | Noticed Natasha
  2443 | D:4      | Killed Natasha
  2505 | D:4      | Noticed Natasha
  2512 | D:4      | Killed Natasha
  2556 | D:4      | Noticed Natasha
  2563 | D:4      | Killed Natasha
  2632 | D:5      | Entered Level 5 of the Dungeon
  2635 | D:5      | Reached skill level 5 in Fighting
  2878 | D:5      | Noticed Pikel
  2907 | D:5      | Killed Pikel
  2907 | D:5      | Reached skill level 8 in Maces & Flails
  2907 | D:5      | Reached XP level 8. HP: 22/68 MP: 5/7
  3152 | D:5      | Reached *** piety under Okawaru
  3152 | D:5      | Reached skill level 9 in Maces & Flails
  3242 | D:5      | Found a shimmering altar of Xom.
  3242 | D:5      | Found a shimmering altar of Xom.
  3244 | D:5      | Found a shimmering altar of Xom.
  3244 | D:5      | Found a shimmering altar of Xom.
  3244 | D:5      | Found a shimmering altar of Xom.
  3249 | D:5      | Found a shimmering altar of Xom.
  3249 | D:5      | Found a shimmering altar of Xom.
  3537 | D:5      | Noticed Blork the orc
  3542 | D:5      | Killed Blork the orc
  4087 | D:6      | Found an opulent altar of Gozag.
  4314 | D:6      | Found a shadowy altar of Dithmenos.
  4318 | D:6      | Reached skill level 10 in Maces & Flails
  4450 | D:5      | Reached XP level 9. HP: 14/75 MP: 8/8
  4456 | D:5      | Slain by a yak

Levels and vault maps discovered:
D:1:      ncdulo_smallfort, layout_rooms, minmay_misc_feat_pillars
D:2:      layout_basic
D:3:      layout_rooms, kennysheep_vampire_church, gup_sewer_entry_glass
D:4:      layout_rooms, minmay_temple_entry_trees, serial_shops,
          nicolae_shop_crystal, uniq_natasha
D:5:      layout_loops_corners, nicolae_xom_altar_mimics, first_ration,
          corexii_checkpoint_a, uniq_pikel, uniq_blork_the_orc
D:6:      layout_basic, old_standard_altar, lemuel_crystal_altar, minivault_26,
          minmay_misc_feat_more_columns, nemelex_lonely_heart_becter
Temple:   regret_index_temple_generic_petals
Sewer:    sewer_kobolds

Skill      XL: |  1  2  3  4  5  6  7  8 |
---------------+-------------------------+-----
Shields        | 4 5 6 8 9 |  9.3
Fighting       | 4 5 |  5.9
Maces & Flails | 3 4 5 6 8 10 | 10.4
Armour         | |  3.6
Invocations    | |  0.2

Action                   |  1- 3 |  4- 6 |  7- 9 || total
-------------------------+-------+-------+-------++-------
Melee: Flail             |    99 |   152 |   177 ||   428
       Headbutt          |    14 |    26 |    35 ||    75
Invok: Heroism           |       |       |     2 ||     2
  Eat: Chunk             |       |     5 |     7 ||    12
Armor: Scale mail        |    51 |    62 |    50 ||   163
Dodge: Dodged            |    36 |    52 |    33 ||   121
Block: Shield            |    62 |    92 |    90 ||   244

Table legend:
 A = Non-vault XP
 B = Vault XP
 C = Vault XP percentage of total XP
 D = Non-vault monster count
 E = Vault monster count
 F = Vault count percentage of total count
                 A         B        C        D         E       F
            +---------+---------+-------+---------+---------+-------
      Total |    1859 |    1052 |  36.1 |      96 |      25 |  20.7
            +---------+---------+-------+---------+---------+-------
        D:1 |      31 |       0 |   0.0 |      18 |       0 |   0.0
        D:2 |      74 |       0 |   0.0 |      17 |       0 |   0.0
        D:3 |     148 |     182 |  55.2 |      20 |      11 |  35.5
        D:4 |     434 |      36 |   7.7 |      15 |       1 |   6.2
        D:5 |     626 |     706 |  53.0 |      14 |       4 |  22.2
        D:6 |     546 |       0 |   0.0 |      12 |       0 |   0.0
      Sewer |       0 |     128 | 100.0 |       0 |       9 | 100.0
            +---------+---------+-------+---------+---------+-------
